Map: Terrasses de Prion

Players

zidar

  • Race: Zerg Zerg
  • League: Silver
  • Spawn Location: 11:00

LECOQ - Winner!

  • Race: Terran Terran
  • League: Silver
  • Spawn Location: 5:00

VOD

Have the link to the VOD?

Description

Time

  • Played on: March 3, 2016, 1:19 p.m.
  • Length: 17:34
Show
View Real Time Build Order
Export as new Build Order

zidar Zerg 

Build Orders: Hatch First 

Get SALT Encoding   

  12  0:03  Drone  
  13  0:14  Overlord  
  13  0:18  Drone  
  14  0:35  Drone x2  
  16  0:42  Drone  
  17  0:54  Hatchery  
  17  0:57  Drone  
  17  1:16  Drone  
  17  1:17  Spawning Pool  
  17  1:20  Extractor, Drone  
  17  1:29  Drone  
  18  1:44  Overlord  
  18  1:47  Drone  
  18  1:51  Drone  
  19  2:04  Queen  
  19  2:07  Queen  
  23  2:14  Drone  
  24  2:19  Zergling x4  
  24  2:20  Zergling x2  
  27  2:28  Metabolic Boost  
  27  2:32  Drone x2  
  29  2:42  Queen  
  31  3:00  Roach Warren  
  31  3:01  Drone x5  
  35  3:06  Overlord  
  35  3:12  Drone  
  36  3:28  Lair, Extractor  
  36  3:30  Drone x6  
  41  3:34  Extractor  
  41  3:37  Extractor  
  38  4:09  Zergling x4  
  40  4:12  Roach  
  40  4:13  Zergling x2  
  43  4:35  Spire  
  42  4:38  Drone  
  43  4:56  Overlord x3  
  43  4:57  Overlord  
  43  5:04  Hatchery  
  39  5:20  Roach  
  39  5:21  Roach x8  
  51  5:37  Queen, Spore Crawler  
  52  5:43  Spore Crawler  
  52  5:49  Ravager x3  
  52  6:14  Roach  
  52  6:15  Roach x4  
  60  6:34  Overlord  
  60  6:45  Drone x5  
  53  7:36  Roach  
  59  7:37  Roach x7  
  69  7:48  Ravager x4  
  73  8:08  Infestation Pit  
  28  9:49  Roach x9  
  28  9:50  Roach x13  
  72  9:53  Zergling x4  
  74  10:19  Hive  
  56  10:57  Roach x10  
  46  12:02  Roach  
  46  12:03  Roach x12, Zergling x2  
  46  12:04  Zergling x6  
  76  12:12  Hatchery  
  76  12:15  Ravager, Overseer  
  76  12:30  Ravager  
  76  12:31  Ravager  
  78  12:48  Drone x12  
  90  13:06  Overlord x4  
  90  13:21  Evolution Chamber  
  90  13:22  Evolution Chamber  
  79  13:48  Roach  
  75  13:49  Roach x10  
  75  13:51  Zergling x2  
  96  14:05  Zergling x10  
  101  14:18  Overseer  
  83  14:52  Roach x2, Hatchery  
  86  14:53  Roach x4  
  86  14:58  Ravager x3  
  86  14:59  Ravager  
  98  15:01  Ravager  
  97  15:34  Zergling x8  
  97  15:35  Zergling x10  
  97  16:14  Roach x2  
  97  16:15  Roach x3  
  97  16:16  Zergling x2  
Show
View Real Time Build Order
Export as new Build Order

LECOQ Terran - Winner!

Build Orders: Gas First Reaper Expand, Liberator Opening 

Get SALT Encoding   

  12  0:05  SCV  
  13  0:20  Supply Depot  
  13  0:21  SCV  
  14  0:32  Refinery  
  14  0:33  SCV  
  15  0:46  Barracks  
  15  0:47  SCV  
  16  1:00  SCV  
  17  1:07  Refinery  
  17  1:12  SCV  
  18  1:24  Supply Depot  
  18  1:42  Reaper  
  19  1:56  Command Center  
  19  2:10  Factory  
  19  2:14  SCV  
  20  2:16  Marine  
  21  2:27  SCV  
  22  2:39  SCV  
  22  2:42  Barracks Reactor  
  23  2:51  SCV  
  23  2:56  Hellion  
  25  3:03  SCV  
  26  3:12  Starport  
  26  3:15  SCV  
  27  3:27  SCV  
  27  3:29  Barracks Tech Lab  
  27  3:31  Hellion x2  
  32  3:35  Liberator  
  32  3:37  SCV  
  32  3:39  SCV  
  34  3:42  Supply Depot  
  34  3:52  Hellion  
  39  4:04  Hellion  
  39  4:06  Marauder  
  43  4:11  SCV  
  43  4:16  Hellion  
  46  4:27  Marauder  
  46  4:30  Hellion  
  50  4:32  SCV  
  53  4:44  Widow Mine  
  53  4:51  Barracks  
  53  4:52  Orbital Command  
  53  5:11  Widow Mine  
  53  5:37  Engineering Bay  
  53  5:40  Barracks Reactor  
  53  5:41  SCV, Engineering Bay  
  54  5:45  Barracks  
  54  5:50  Barracks  
  54  5:51  Supply Depot  
  54  5:53  Starport  
  54  6:02  Widow Mine  
  54  6:03  Widow Mine, Medivac  
  52  6:25  Marine x2  
  52  6:27  Marine  
  57  6:33  Medivac  
  57  6:34  Widow Mine  
  59  6:41  Barracks Reactor  
  59  6:43  Marine x2  
  59  6:45  Marine  
  62  7:04  Marine x2, Viking  
  62  7:06  SCV  
  59  7:21  Marine x2  
  62  7:24  Widow Mine  
  62  7:27  Widow Mine  
  56  7:31  Marine  
  56  7:39  Marine x2  
  62  7:53  Widow Mine  
  62  7:56  Widow Mine  
  62  8:32  Marine x4  
  62  8:33  Marine  
  62  8:34  Marine  
  61  8:42  Widow Mine  
  56  8:50  Marine x4  
  56  8:51  Marine, Widow Mine  
  56  8:52  Marine  
  47  9:08  Marine x4  
  47  9:09  Marine, Marauder  
  45  9:11  Widow Mine  
  43  9:18  SCV  
  43  9:20  Widow Mine  
  42  9:26  Marine x4  
  42  9:27  Marine  
  42  9:30  SCV  
  42  9:31  Marauder  
  44  9:44  Marine x4  
  44  9:45  Marine  
  48  9:52  Marauder  
  51  10:02  Marine x4  
  51  10:03  Marine  
  51  10:06  SCV  
  57  10:09  SCV, Medivac  
  57  10:13  Marine  
  61  10:17  Stimpack  
  61  10:18  SCV  
  62  10:27  Marine x4  
  62  10:28  Marine  
  62  10:32  SCV  
  62  10:38  Marine  
  59  10:45  Marine x3  
  59  10:46  Marine  
  59  10:48  Marine  
  62  10:57  Marauder, Widow Mine  
  60  10:58  Widow Mine  
  60  11:03  Marine x3  
  63  11:06  Marine x2  
  65  11:18  Marauder  
  68  11:21  Marine  
  66  11:25  Widow Mine  
  66  11:26  Widow Mine  
  66  11:35  Marine  
  66  11:38  Marine x2  
  69  11:44  SCV  
  69  11:46  Supply Depot  
  70  12:01  Barracks Tech Lab  
  70  12:04  Supply Depot  
  70  12:07  SCV, Medivac x2  
  70  12:08  Marauder, Orbital Command  
  77  12:11  Supply Depot  
  77  12:12  Refinery  
  77  12:20  Terran Infantry Weapons Level 1  
  77  12:21  Terran Infantry Armor Level 1  
  77  12:24  Marine  
  77  12:25  Marine  
  79  12:30  Marine x2  
  81  12:38  Marine, Marauder  
  84  12:57  Marine x2  
  84  12:58  Marauder  
  88  13:10  Marine x2  
  88  13:11  Marine  
  91  13:15  Marine x2  
  91  13:18  Marine  
  94  13:30  Command Center  
  94  13:37  Marine, SCV  
  90  13:45  Marine x2  
  90  13:46  Marauder  
  90  13:47  Marine  
  89  13:48  Marine  
  89  13:55  Marine  
  91  14:03  Marine x2  
  91  14:06  SCV  
  94  14:19  Factory Tech Lab  
  88  14:34  Marine  
  88  14:37  Marine x2  
  88  14:38  Marine x2, Marauder  
  92  14:52  Marine  
  93  14:54  Marine  
  93  14:55  Marine x2, Siege Tank  
  93  14:57  Marauder  
  102  15:00  SCV  
  102  15:04  SCV  
  102  15:05  Refinery  
  102  15:16  Marine  
  102  15:17  Marine, Marauder  
  102  15:21  Marine, Marauder  
  104  15:29  Marine  
  104  15:34  Marine  
  104  15:35  Marine  
  106  15:38  Marauder  
  106  15:39  Marine  
  109  15:56  Marine x2  
  109  15:57  SCV, Siege Tank, Medivac  
  117  16:04  Marine, SCV  
  115  16:09  Marine  
  115  16:10  Marine  
  117  16:34  Marine, Marauder x2  
  117  16:35  Marine  
  117  16:36  Marine  
  117  16:40  Marine  
  117  16:47  Concussive Shells  
  116  16:51  Marine  
  116  16:53  Marine  
  117  17:01  Marine  
  117  17:02  Marauder  
Tags
 
Add a new tag
Caveats
  • Supply blocks, unpowered buildings, or Contaminate may cause inaccurate times.
  • Supply counts are checked every 10 seconds.